 Dungeon Crawl Stone Soup version 0.29.0-4-gdea44cf6ec (webtiles) character file.

Game seed: 7419334285955396139

26 PieDemon the Gusty (level 3, 0/26 HPs)
             Began as a Meteoran Air Elementalist on Aug 27, 2022.
             Slain by Robin
             ... wielding a +1 vorpal falchion
              (1 damage)
             ... on level 3 of the Dungeon.
             The game lasted 00:03:46 (190 turns).

PieDemon the Gusty (Meteoran Air Elementalist)       Turns: 190, Time: 00:03:47

Health: 0/26       AC:  2    Str:  9    XL:     3   Next: 41%
Magic:  0/8        EV: 13    Int: 18    God:
Gold:   25         SH:  0    Dex: 15    Spells: 5/8 levels left

rFire   . . .      SeeInvis .   c - +0 dagger
rCold   . . .      Faith    .   (no shield)
rNeg    . . .      Spirit   .   a - +0 robe
rPois   .          Reflect  .   (no helmet)
rElec   .          Harm     .   (no cloak)
rCorr   .          Rampage  .   (no gloves)
Will    .....                   (no boots)
Stlth   +.........              (no amulet)
HPRegen 0.08/turn               e - ring of flight
MPRegen 0.11/turn               (no ring)

@: flying, glowing
A: sense surroundings 1, otherworldly, glowing, explore regen
a: no special abilities


You were on level 3 of the Dungeon.
You visited 1 branch of the dungeon, and saw 3 of its levels.

You collected 25 gold pieces.

Inventory:

Hand Weapons
 c - a +0 dagger (weapon)
Missiles
 d - 6 silver boomerangs
Armour
 a - a +0 robe (worn)
Jewellery
 e - a ring of flight (left hand)
Potions
 b - a potion of magic
 f - a potion of lignification


   Skills:
 - Level 3.0 Dodging
 - Level 1.4 Stealth
 + Level 3.1 Spellcasting
 - Level 1.2 Conjurations
 * Level 4.4 Air Magic


You had 5 spell levels left.
You knew the following spells:

 Your Spells              Type           Power      Damage    Failure   Level
a - Shock                 Conj/Air       52%        1d6       4%          1
b - Static Discharge      Conj/Air       13%        3-5/arc   8%          2

Your spell library contained the following spells:

 Spells                   Type           Power      Damage    Failure   Level
 Swiftness                Air            18%        N/A       8%          3
 Airstrike                Air            9%         2d(2-18)  26%         4


Dungeon Overview and Level Annotations

Branches:
Dungeon (3/15) Zot: 1610

Altars:
Hepliaklqana

Annotations:
D:3 Robin


Innate Abilities, Weirdness & Mutations

You passively map a small area around you.
You are easily found by Zot.
You glow in the dark.
You regain HP and MP as you explore.


Message History

Robin hits you but does no damage.
Unknown command.
You hit Robin.
Robin is severely wounded.
Robin says, "A pitiful Meteoran like you will never find the ORB!"
Robin hits you but does no damage.
Unknown command.
You hit Robin but do no damage.
Robin is severely wounded.
Robin hits you but does no damage.
Unknown command.
You barely miss Robin.
Robin is severely wounded.
Robin hits you but does no damage.
Unknown command.
You hit Robin but do no damage.
Robin is heavily wounded.
Robin hits you but does no damage.
Unknown command.
You hit Robin.
Robin is severely wounded.
Robin hits you but does no damage.
Unknown command.
Casting: Shock (safe; 4% risk of failure)
Confirm with . or Enter, or press ? or * to list all spells.
Aiming: Shock (safe; 4% risk of failure)
Press: ? - help, Shift-Dir - straight line, f/p - Robin
Aim: Robin, wielding a +1 vorpal falchion, wearing a +0 animal skin and wearing a +0 helmet (severely wounded, 77% to hit)
The zap hits Robin.
Robin is almost dead.
The zap hits the orc.
The orc is lightly wounded.
The zap hits the goblin.
You kill the goblin!
The zap hits the rat.
You kill the rat!
You feel less wooden.
Your +0 robe unmelds from your body.
Robin hits you with a +1 vorpal falchion.
You die...

.g.r... , ,
g...., , .....,
,,, , ... ... ,
*, * #)#### # *
,* #)...#
....######!...#
......)@gog†..#
,* ,
.#########g...#
** #<...# , ,,
* #....# ,, *,
###### , ,, >,
** , , *


You could see Robin, an orc, a hobgoblin (strong) and a goblin (strong).

Vanquished Creatures
  4 ball pythons
  An endoplasm (D:1)
  10 goblins
  A hobgoblin (D:1)
  3 quokkas
  2 kobolds
  3 rats
24 creatures vanquished.

Notes
Turn   | Place    | Note
-------+----------+-------------------------------------------
     0 | D:1      | PieDemon the Meteoran Air Elementalist began the quest for
                  | the Orb.
     0 | D:1      | Reached XP level 1. HP: 14/14 MP: 5/5
    34 | D:1      | Reached XP level 2. HP: 20/20 MP: 2/6
    37 | D:1      | Learned a level 2 spell: Static Discharge
    58 | D:1      | Reached skill level 4 in Air Magic
   109 | D:2      | Found a hazy altar of Hepliaklqana.
   146 | D:3      | Reached XP level 3. HP: 26/26 MP: 4/8
   149 | D:3      | Noticed Robin
   179 | D:3      | HP: 1/39 [Robin/+1 vorpal falchion (1)]
   190 | D:3      | Slain by Robin

Illustrated notes

Levels and vault maps discovered:
D:1:      psy_arrival_fountain, layout_loops_ring, minmay_misc_feat_square,
          chequers_serial_rivers_micro_c, minmay_close_crescents
D:2:      wad_river_or_something, layout_loops_ring, basic_altar,
          shapermc_ecumenical_altar_starsandcircs, minmay_pentomino_o4
D:3:      layout_rooms, mainiacjoe_overflow_alcove_4,
          chequers_serial_rivers_room_b, lemuel_another_geyser, uniq_natasha,
          uniq_robin

Skill      XL: |  1  2  3 |
---------------+----------+-----
Air Magic      | 4 |  4.4
Spellcasting   | 3 |  3.1
Dodging        | 3 |  3.0
Stealth        | |  1.4
Conjurations   | |  1.2

Action                   || total
-------------------------++-------
Melee: Dagger            ||    29
 Cast: Shock             ||    30
  Use: Potion            ||     1
Armor: Skin              ||    35
Dodge: Dodged            ||    10
